 Dungeon Crawl Stone Soup version 0.14-a0-1029-g9530a8b (webtiles) character file.

113 PolkaDot the Ruinous (level 3, 0/36 HPs)
             Began as a Vampire Conjurer on Nov 23, 2013.
             Succumbed to a goblin's poison
             ... on Level 2 of the Dungeon.
             The game lasted 00:05:30 (1462 turns).

PolkaDot the Ruinous (Vampire Conjurer)             Turns: 1462, Time: 00:05:31

HP   0/36        AC 21     Str  7      XL: 3   Next: 71%
MP   6/6         EV  1     Int 18      God:
Gold 57          SH  0     Dex 14      Spells:  2 memorised,  1 level left

Res.Fire  : . . .   See Invis. : +   k - +0,+1 dagger (venom)
Res.Cold  : . . .   Warding    : .   a - melded +0 robe
Life Prot.: + + +   Conserve   : .   (no shield)
Res.Poison: +       Res.Corr.  : .   (no helmet)
Res.Elec. : .       Clarity    : .   (cloak currently unavailable)
Sust.Abil.: . .     Spirit.Shd : .   (gloves currently unavailable)
Res.Mut.  : .       Prev.Telep.: +   (boots currently unavailable)
Res.Rott. : .       Flight     : .   (no amulet)
Saprovore : . . .                    (no ring)
                                     (no ring)

@: tree-form, mildly poisoned, slightly resistant to hostile enchantments, quite
stealthy
A: (fangs 0), see invisible, (unbreathing)
a: Bat Form


You were on level 2 of the Dungeon.
You were not thirsty.
You were an animated tree.
You visited 1 branch of the dungeon, and saw 2 of its levels.

You collected 57 gold pieces.

Inventory:

Hand weapons
 k - a +0,+1 dagger of venom (weapon)
Armour
 a - a +0 robe (melded)
Scrolls
 e - a scroll of random uselessness {unknown}
 f - a scroll of identify {unknown}
 i - a scroll of enchant armour {unknown}
Potions
 j - a potion of degeneration {unknown}
Books
 c - a book of Conjurations

   Spells                             Type                      Level
   *Magic Dart                        Conjuration                  1
   *Searing Ray                       Conjuration                  2
   Dazzling Spray                     Conjuration/Hexes            3
   Iskenderun's Mystic Blast          Conjuration                  4
   Iskenderun's Battlesphere          Conjuration/Charms           4
   Fulminant Prism                    Conjuration/Hexes            5


   Skills:
 - Level 2.1 Dodging
 - Level 3.0 Stealth
 - Level 1.0 Spellcasting
 * Level 4.0 Conjurations


You had one spell level left.
You knew the following spells:

 Your Spells              Type           Power        Failure   Level  Hunger
s - Searing Ray           Conj           ###...       8%          2    N/A
z - Magic Dart            Conj           ###.         4%          1    N/A

Dungeon Overview and Level Annotations

Branches:
Dungeon (2/16)

Altars:


Innate Abilities, Weirdness & Mutations

((You have razor-sharp teeth.))*
You have supernaturally acute eyesight.
((You can survive without breathing.))*


Message History

* * * LOW HITPOINT WARNING * * *
You feel sick.
You start resting.
* * * LOW HITPOINT WARNING * * *
You feel sick.
Drink which item? (? for menu, Esc to quit)
Magic courses through your body.
It was a potion of magic.
Drink which item? (? for menu, Esc to quit)
You feel refreshed.
It was a potion of restore abilities.
Drink which item? (? for menu, Esc to quit)
You turn into an animated tree.
Your +0 robe melds into your body.
Your roots penetrate the ground.
It was a potion of lignification.
* * * LOW HITPOINT WARNING * * *
You feel sick.
It'd take too long for a potion to reach your roots.
* * * LOW HITPOINT WARNING * * *
You feel sick.
* * * LOW HITPOINT WARNING * * *
You feel sick.
You die...

#+#......##.# ##
#.........#.# .
#...........# ....
#.........$.# .....
#...........# ......
#.#.#.......#....... ..
#.#.......#.......
########.........#.......
........♣......#.#.......
........)...#....+.......
$...............#......#
..........##.#####......
......#.... .# . +......
.....#..... #...#....%.
....................>.
......#####..........
....+......#.......


There were no monsters in sight!

Vanquished Creatures
  2 adders (D:2)
  A ball python (D:2)
  5 bats
  3 giant cockroaches
  6 hobgoblins
  6 kobolds
  A giant gecko (D:1)
  2 giant newts (D:1)
  7 goblins
  A quokka (D:2)
  4 rats
38 creatures vanquished.

Notes
Turn   | Place    | Note
--------------------------------------------------------------
     0 | D:1      | PolkaDot, the Vampire Conjurer, began the quest for the Orb.
     0 | D:1      | Reached XP level 1. HP: 13/13 MP: 4/4
   235 | D:1      | Reached XP level 2. HP: 8/19 MP: 2/5
  1223 | D:2      | Reached XP level 3. HP: 17/24 MP: 6/6
  1261 | D:2      | Learned a level 2 spell: Searing Ray
  1427 | D:2      | Reached skill level 4 in Conjurations
  1461 | D:2      | HP: 1/36 [poisoned by a goblin]
  1462 | D:2      | Succumbed to a goblin's poison

Action                   || total
-------------------------++-------
Melee: Unarmed           ||    16
       Dagger            ||   131
 Cast: Magic Dart        ||    22
  Use: Potion            ||     4
 Stab: Sleeping          ||     6
